 Dungeon Crawl Stone Soup version 0.24-a0-446-g87df7205b4 (webtiles) character file.

Game seed: 204108542304067279

2545 sloany69 the Cleaver (level 9, 0/80 HPs)
             Began as a Minotaur Fighter on June 23, 2019.
             Was an Initiate of Ashenzari.
             Slain by a hog (11 damage)
             ... on level 7 of the Dungeon.
             The game lasted 00:28:45 (8114 turns).

sloany69 the Cleaver (Minotaur Fighter)             Turns: 8114, Time: 00:28:46

Health: 0/80       AC: 11    Str: 23    XL:     9   Next: 30%
Magic:  8/8        EV:  8    Int:  5    God:    Ashenzari [......]
Gold:   318        SH: 11    Dex: 11    Spells: 8/8 levels left

rFire    . . .     SeeInvis .   a - +0 war axe
rCold    + . .     Gourm    .   c - +0 shield
rNeg     . . .     Faith    .   m - +0 scale mail
rPois    +         Spirit   .   (helmet restricted)
rElec    .         Reflect  .   e - +1 cloak
rCorr    .         Harm     .   F - +0 pair of gloves (curse)
MR       .....                  (no boots)
Stlth    ..........             (no amulet)
HPRegen  0.23/turn              u - ring of protection from cold
MPRegen  0.11/turn              v - ring of poison resistance

@: no status effects
A: retaliatory headbutt, horns 2
a: Curse Item, Renounce Religion


You were on level 7 of the Dungeon.
You worshipped Ashenzari.
Ashenzari was noncommittal.
You were not hungry.

You visited 2 branches of the dungeon, and saw 8 of its levels.
You also visited: Sewer.

You collected 318 gold pieces.

Inventory:

Hand Weapons
 a - a +0 war axe (weapon)
 b - a +0 hunting sling
Missiles
 n - 223 stones (quivered)
Armour
 c - a +0 shield (worn)
 e - a +1 cloak (worn)
 m - a +0 scale mail (worn)
 F - a cursed +0 pair of gloves (worn)
Jewellery
 t - an uncursed ring of resist corrosion
 u - a ring of protection from cold (left hand)
 v - a ring of poison resistance (right hand)
Wands
 s - a wand of paralysis (7)
 C - a wand of iceblast (10)
Scrolls
 i - 5 scrolls of teleportation
 j - 2 scrolls of enchant armour
 p - 11 scrolls of identify
 r - 2 scrolls of remove curse
 x - a scroll of fog {unknown}
 y - 2 scrolls of magic mapping
 z - 2 scrolls of random uselessness {unknown}
 B - 2 scrolls of fear {unknown}
 G - a scroll of amnesia {unknown}
 I - a scroll of blinking {unknown}
 J - a scroll of enchant weapon {unknown}
Potions
 d - 7 potions of might
 g - 2 potions of lignification {unknown}
 h - 2 potions of cancellation
 k - 2 potions of haste {unknown}
 l - a potion of heal wounds {unknown}
 o - 3 potions of magic {unknown}
 q - a potion of mutation {unknown}
 w - 4 potions of curing {unknown}
 A - a potion of berserk rage {unknown}
 D - a potion of resistance {unknown}
 E - a potion of degeneration {unknown}
 H - 2 potions of agility {unknown}
Comestibles
 f - 3 rations


   Skills:
 + Level 7.6 Fighting
 * Level 9.9 Axes
 + Level 7.6 Armour
 + Level 7.7 Shields


You had 8 spell levels left.
You didn't know any spells.
Your spell library was empty.

Dungeon Overview and Level Annotations

Branches:
Dungeon (7/15)             Temple (1/1) D:4

Altars:
Ashenzari
Cheibriados
Dithmenos
Elyvilon
Fedhas
Gozag
Hepliaklqana
Kikubaaqudgha
Makhleb
Nemelex Xobeh
Okawaru
Qazlal
Ru
Sif Muna
Trog
Uskayaw
Vehumet
Wu Jian
Xom
Yredelemnul
Zin
The Shining One

Shops:
D:4 :[*   D:5 *   D:6 [


Innate Abilities, Weirdness & Mutations

You reflexively headbutt those who attack you in melee.
You have a pair of horns on your head.


Message History

You slash the hog! You hit the hog. You block the hog's attack.
The hog closely misses you. You furiously retaliate!
You headbutt the hog. The hog bites you.
You slash the hog!
The hog is almost dead.
You hit the hog. You slash the hog! The hog bites you but does no damage.
You block the hog's attack. x2; The hog bites you but does no damage.
The hog bites you.
Your shield and scale mail prevent you from hitting the hog.
The hog is almost dead.
You barely miss the hog. You hit the hog. You block the hog's attack.
The hog bites you!
* * * LOW HITPOINT WARNING * * *
You block the hog's attack. x2
You hit the hog.
The hog is almost dead.
You closely miss the hog. You hit the hog. The hog bites you!
* * * LOW HITPOINT WARNING * * *
The hog bites you!
You die...

#..##.#≈....⌠.≈#
##.....'..⌠....≈#
#......#≈...⌠..≈#
##..#..#≈≈....≈≈#
##.....##≈≈≈≈≈≈##
#.....#.########
#........#
#.....h#######
##....@hp..%%#
###....h#Y...%#
#.......###'###
##......#.....#
##.....#.....#
#......#######
##........
#.........
#......... ##


You could see a yak, 3 hogs and a human.

Vanquished Creatures
  Grinder (D:6)
  The ghost of confidenceinterval the Skirmisher, an amateur GrFi of Qazlal (D:5)
  Edmund (D:4)
  A sky beast (D:6)
  4 ogres
  2 centaurs
  2 bullfrogs (D:6)
  A scorpion (D:7)
  5 wights (D:6)
  A centaur zombie (D:5)
  A bullfrog skeleton (D:5)
  A bullfrog zombie (D:7)
  4 hounds
  An orc priest (D:4)
  Jessica (D:2)
  Terence (D:2)
  An iguana (D:6)
  11 orc wizards
  Natasha (twice) (D:2)
  5 worker ants
  Robin (D:2)
  8 adders
  A river rat (D:5)
  A shadow imp (D:6)
  2 oozes
  An adder skeleton (D:4)
  6 worms
  3 dart slugs
  2 leopard geckos (D:3)
  25 orcs
  5 giant cockroaches
  15 goblins
  9 hobgoblins
  22 jackals
  6 kobolds
  4 quokkas
  6 ball pythons
  6 bats
  8 frilled lizards
  A quokka zombie (D:5)
  9 rats
  10 plants
198 creatures vanquished.

Notes
Turn   | Place    | Note
-------+----------+-------------------------------------------
     0 | D:1      | sloany69 the Minotaur Fighter began the quest for the Orb.
     0 | D:1      | Reached XP level 1. HP: 19/19 MP: 0/0
   131 | D:1      | Reached XP level 2. HP: 22/27 MP: 1/1
   214 | D:1      | Reached skill level 3 in Axes
  1135 | D:2      | Noticed Terence
  1144 | D:2      | Killed Terence
  1144 | D:2      | Reached XP level 3. HP: 26/33 MP: 2/2
  1518 | D:2      | Noticed Robin
  1519 | D:2      | Noticed Natasha
  1522 | D:2      | Reached XP level 4. HP: 36/40 MP: 3/3
  1527 | D:2      | Killed Natasha
  1527 | D:2      | Reached skill level 4 in Axes
  1532 | D:2      | Killed Robin
  1657 | D:2      | Noticed Natasha
  1663 | D:2      | Killed Natasha
  1763 | D:2      | Noticed Jessica
  1770 | D:2      | Killed Jessica
  1770 | D:2      | Reached XP level 5. HP: 39/47 MP: 4/4
  2444 | D:3      | Reached skill level 5 in Axes
  2847 | D:3      | Reached XP level 6. HP: 51/55 MP: 5/5
  3254 | D:4      | Noticed Edmund
  3286 | D:3      | Reached skill level 5 in Shields
  3571 | D:3      | Reached skill level 5 in Fighting
  3572 | D:3      | Reached skill level 5 in Armour
  3690 | D:4      | Found Awnet's Book Shoppe.
  3727 | D:4      | Found Reotegg's Antique Armour Shop.
  3739 | D:4      | Found Jecweh's General Store.
  3788 | D:4      | Reached skill level 6 in Axes
  4024 | D:4      | Reached XP level 7. HP: 61/61 MP: 6/6
  4079 | D:4      | Found a staircase to the Ecumenical Temple.
  4091 | Temple   | Entered the Ecumenical Temple
  4252 | Temple   | Became a worshipper of Ashenzari the Shackled
  4441 | D:4      | Found a shattered altar of Ashenzari.
  4673 | D:4      | Killed Edmund
  4833 | D:5      | Entered Level 5 of the Dungeon
  4943 | D:5      | Found a large runed translucent door.
  4943 | D:5      | Found a large runed translucent door.
  4951 | D:5      | Noticed confidenceinterval's ghost (amateur GrFi)
  4975 | D:5      | Reached skill level 7 in Axes
  5033 | D:5      | Found a glowing drain.
  5041 | Sewer    | Entered a sewer
  6130 | D:5      | Found an opulent altar of Gozag.
  6409 | D:5      | Found Izunolao's General Store.
  6417 | D:5      | Reached XP level 8. HP: 27/70 MP: 7/7
  6749 | D:5      | Killed confidenceinterval's ghost
  6749 | D:5      | Reached skill level 8 in Axes
  7156 | D:6      | Found a deep blue altar of Sif Muna.
  7187 | D:6      | Noticed Grinder
  7203 | D:6      | Killed Grinder
  7203 | D:6      | Reached skill level 9 in Axes
  7392 | D:6      | Reached XP level 9. HP: 79/79 MP: 8/8
  7402 | D:6      | Found Ziymil's Armour Shoppe.
  8033 | D:7      | Found a white marble altar of Elyvilon.
  8114 | D:7      | Slain by a hog

Levels and vault maps discovered:
D:1:      dpeg_arrival_water_fire, layout_basic
D:2:      layout_loops_corners, uniq_jessica, uniq_natasha, uniq_robin,
          uniq_terence
D:3:      layout_loops_ring, first_ration, hangedman_decor_clover_reticule
D:4:      layout_basic, minmay_temple_entry_gardened_gates, serial_shops,
          kennysheep_mini, nicolae_shop_window_shopping, shop,
          nicolae_ashenzari_panopticon, uniq_edmund
D:5:      layout_basic, ebering_ghost_disaster_area, lightli_sewer_entry_pipes,
          serial_shops, shop, grunt_gozag_statues
D:6:      layout_loops_ring, serial_shops, nicolae_shop_statue_plus,
          led_sif_book, uniq_grinder
D:7:      layout_cave_pools, kennysheep_little_box, serial_shops,
          nicolae_shop_stone, moated_statue, grunt_livestock, chequers_garden,
          kennysheep_another_room, nicolae_island_escapes
Temple:   kilobyte_greek_temple

Skill      XL: |  1  2  3  4  5  6  7  8 |
---------------+-------------------------+-----
Axes           | 3 4 5 6 7 9 |  9.9
Armour         | 4 5 6 7 |  7.6
Fighting       | 4 5 6 7 |  7.6
Shields        | 4 5 6 7 |  7.7

Action                   |  1- 3 |  4- 6 |  7- 9 || total
-------------------------+-------+-------+-------++-------
Melee: War axe           |    62 |   214 |   391 ||   667
       Headbutt          |     8 |    29 |    96 ||   133
 Fire: Hunting sling     |    18 |       |    21 ||    39
  Use: Scroll            |       |     5 |       ||     5
 Stab: Distracted        |       |     1 |       ||     1
  Eat: Chunk             |     2 |     5 |     9 ||    16
       Ration            |       |     1 |     2 ||     3
Armor: Scale mail        |    39 |    95 |    91 ||   225
Dodge: Dodged            |    23 |    59 |    75 ||   157
Block: Shield            |    44 |   118 |   152 ||   314

Table legend:
 A = Non-vault XP
 B = Vault XP
 C = Vault XP percentage of total XP
 D = Non-vault monster count
 E = Vault monster count
 F = Vault count percentage of total count
                 A         B        C        D         E       F
            +---------+---------+-------+---------+---------+-------
      Total |    2599 |    1037 |  28.5 |     146 |      42 |  22.3
            +---------+---------+-------+---------+---------+-------
        D:1 |      39 |       0 |   0.0 |      22 |       0 |   0.0
        D:2 |      58 |     130 |  69.1 |      13 |       9 |  40.9
        D:3 |     251 |       0 |   0.0 |      45 |       0 |   0.0
        D:4 |     327 |     171 |  34.3 |      25 |       1 |   3.8
        D:5 |     497 |     309 |  38.3 |      14 |      10 |  41.7
        D:6 |    1078 |     361 |  25.1 |      23 |       3 |  11.5
        D:7 |     349 |       0 |   0.0 |       4 |       0 |   0.0
      Sewer |       0 |      66 | 100.0 |       0 |      19 | 100.0
            +---------+---------+-------+---------+---------+-------
